 Dungeon Crawl Stone Soup version 0.31-a0-214-gb37851dbb3 (webtiles) character file.

Game seed: 17039044785089738643

63 qw the Shooter (level 4, 0/26 HPs)
             Began as a Gargoyle Hexslinger on July 1, 2023.
             Slain by a kobold
             ... wielding a +0 whip
              (2 damage)
             ... on level 2 of the Dungeon.
             The game lasted 00:00:33 (711 turns).

qw the Shooter (Gargoyle Hexslinger)                 Turns: 711, Time: 00:00:33

Health: 0/26       AC:  8    Str: 12    XL:     4   Next: 9%
Magic:  5/5        EV: 12    Int: 13    God:
Gold:   45         SH:  0    Dex: 14    Spells: 4/5 levels left

rFire   . . .        Y - +1 sling
rCold   . . .        (no shield)
rNeg    + . .        c - +0 robe
rPois   inf          (no helmet)
rElec   +            (no cloak)
rCorr   .            g - +2 pair of gloves
SInv    .            (no boots)
Will    .....        (no amulet)
Stlth   +            (no ring)
HPRegen 0.24/turn    (no ring)
MPRegen 0.09/turn

%: no passive effects
@: no status effects
A: sickness immunity, AC +3, negative energy resistance 1, electricity
resistance, torment resistance 1, petrification resistance
a: no special abilities


You were on level 2 of the Dungeon.
You visited 1 branch of the dungeon, and saw 2 of its levels.

You collected 45 gold pieces.


Innate Abilities, Weirdness & Mutations

You are immune to sickness and miasma.
Your stone body is resilient. (AC +3)
You are immune to poison.
You resist negative energy. (rN+)
You are resistant to electric shocks. (rElec)
You are resistant to unholy torment.
You are immune to petrification.


   Skills:
 - Level 2.0 Fighting
 + Level 3.9 Ranged Weapons
 - Level 1.5 Dodging
 - Level 1.0 Spellcasting
 - Level 2.6 Hexes


You had 4 spell levels left.
You knew the following spells:

 Your Spells              Type           Power      Damage    Failure   Level
a - Slow                  Hex            28%        N/A       10%         1

Your spell library contained the following spells:

 Spells                   Type           Power      Damage    Failure   Level
 Inner Flame              Hex/Fire       4%         N/A       43%         3
 Portal Projectile        Hex/Tloc       8%         N/A       43%         3
 Cause Fear               Hex            3%         N/A       67%         4

Inventory:

Hand Weapons
 Y - a +1 sling (weapon)
Armour
 b - a +0 leather armour
 c - a +0 robe (worn)
 g - a +2 pair of gloves (worn)
Scrolls
 a - a scroll of torment {unknown}
Potions
 h - a potion of brilliance {unknown}
 j - a potion of curing {unknown}

Dungeon Overview and Level Annotations

Branches:
Dungeon (2/15)

Altars:


Message History

You shoot a sling bullet.
The sling bullet barely misses the adder.
The adder closely misses you. The kobold hits you with a +0 whip.
The adder bites you but does no damage. The kobold hits you with a +0 whip.
You shoot a sling bullet.
The sling bullet barely misses the adder.
The adder bites you but does no damage. The kobold hits you but does no damage.
You shoot a sling bullet.
The sling bullet closely misses the adder.
The adder bites you but does no damage. The kobold barely misses you.
The adder closely misses you.
A dart slug comes into view.
You shoot a sling bullet.
The sling bullet barely misses the adder.
The adder closely misses you. The kobold hits you with a +0 whip.
You shoot a sling bullet. The sling bullet hits the adder.
The adder is heavily wounded.
The adder bites you but does no damage. The kobold closely misses you.
The adder bites you.
You shoot a sling bullet. The sling bullet hits the adder.
The adder is severely wounded.
The kobold hits you with a +0 whip. The adder bites you but does no damage.
The kobold hits you but does no damage.
You shoot a sling bullet. The sling bullet misses the adder.
The adder misses you. The adder bites you but does no damage.
The kobold hits you with a +0 whip.
You shoot a sling bullet. The sling bullet hits the adder.
You kill the adder!
The dart slug misses you. The kobold hits you but does no damage.
You have reached level 4!
You feel stronger.
You shoot a sling bullet.
The sling bullet hits the dart slug but does no damage.
The kobold hits you but does no damage. The dart slug bites you.
You shoot a sling bullet. The sling bullet hits the dart slug.
The dart slug is lightly wounded.
The kobold hits you but does no damage. The dart slug barely misses you.
You shoot a sling bullet. The sling bullet hits the dart slug.
The dart slug is moderately wounded.
The kobold hits you with a +0 whip.
You die...

..# ..# #.... ... ..##
#.#.# ..# ...# #.#.# ..#
...# #.#.# ..# ...#
#.#.# ..# ...## #.#.#
..# #.#.##
#<#.######w.#.###
.###.###.#......@K......
# #..##...#####%.....##.
#.#....#.# ...#.......
...####...# #.#.....###.
## ##### #.####.## # .#
.. ###


You could see a dart slug and a kobold.

Vanquished Creatures
  2 adders (D:2)
  3 bats
  4 endoplasms
  2 giant cockroaches (D:1)
  6 goblins (D:1)
  6 hobgoblins
  3 jackals (D:1)
  A quokka (D:1)
  4 frilled lizards (D:1)
  4 kobolds (D:1)
  4 rats
39 creatures vanquished.

Notes
Turn   | Place    | Note
-------+----------+-------------------------------------------
     0 | D:1      | qw the Gargoyle Hexslinger began the quest for the Orb.
     0 | D:1      | Reached XP level 1. HP: 12/12 MP: 2/2
     0 | D:1      | 0 ||| qw: Version: 0.3-a-32-g5962c71
     0 | D:1      | 0 ||| qw: Game counter: 7398
     0 | D:1      | 0 ||| qw: Melee chars always use a shield: true
     0 | D:1      | 0 ||| qw: God list: Okawaru
     0 | D:1      | 0 ||| qw: Allow faded altars: false
     0 | D:1      | 0 ||| qw: Do Orc after clearing Dungeon:15 true
     0 | D:1      | 0 ||| qw: Do second Lair branch before Depths: true
     0 | D:1      | 0 ||| qw: Lair rune preference: random
     0 | D:1      | 0 ||| qw: Goals: Normal
     0 | D:1      | 0 ||| PLANNING D:1-11
    42 | D:1      | Reached XP level 2. HP: 6/16 MP: 3/3
   218 | D:1      | Reached skill level 3 in Ranged Weapons
   343 | D:1      | Reached XP level 3. HP: 21/21 MP: 4/4
   415 | D:1      | Found a faded altar of an unknown god.
   420 | D:1      | 420 ||| Stepping ~*~*~tactically~*~*~ (water).
   505 | D:1      | 505 ||| UPGRADING to +2 pair of gloves.
   510 | D:1      | 510 ||| READING 4 scrolls labelled MAREFF MESIPT.
   511 | D:1      | 511 ||| READING scroll labelled QYBAIL ACID.
   515 | D:1      | 515 ||| READING scroll labelled CUPRORAOSH.
   616 | D:1      | 616 ||| READING scroll labelled LOYBUONYBI.
   617 | D:1      | 617 ||| DROPPING 3 scrolls of noise.
   618 | D:1      | 618 ||| DROPPING scroll of poison.
   707 | D:2      | HP: 1/21 [kobold/+0 whip (5)]
   709 | D:2      | Reached XP level 4. HP: 2/26 MP: 5/5
   711 | D:2      | Slain by a kobold

Levels and vault maps discovered:
D:1:      tarquinn_simple_flora_water_b, layout_basic,
          shapermc_ecumenical_altar_acropolis, ebering_dispersal_statue_hall
D:2:      layout_loops_ring

Skill      XL: |  1  2 |
---------------+-------+-----
Ranged Weapons | 3 |  3.9
Fighting       | 2 |  2.0
Dodging        | |  1.5
Spellcasting   | |  1.0
Hexes          | |  2.6

Action                     |  1- 3 |  4- 6 || total
---------------------------+-------+-------++-------
   Fire: Sling             |   139 |     3 ||   142
    Use: Scroll            |     4 |       ||     4
 Armour: Robe              |    56 |     2 ||    58
  Dodge: Dodged            |    61 |     1 ||    62

Table legend:
 A = Non-vault XP
 B = Vault XP
 C = Vault XP percentage of total XP
 D = Non-vault monster count
 E = Vault monster count
 F = Vault count percentage of total count
                 A         B        C        D         E       F
            +---------+---------+-------+---------+---------+-------
      Total |      90 |       0 |   0.0 |      39 |       0 |   0.0
            +---------+---------+-------+---------+---------+-------
        D:1 |      53 |       0 |   0.0 |      31 |       0 |   0.0
        D:2 |      37 |       0 |   0.0 |       8 |       0 |   0.0
            +---------+---------+-------+---------+---------+-------
